 Dungeon Crawl Stone Soup version 0.26-b1-45-g23770d1d51 (webtiles) character file.

Game seed: 14020544267364367872

734 DocSulfur the Ruffian (level 7, 58/58 HPs)
             Began as a Yellow Draconian Transmuter on Jan 6, 2021.
             Quit the game on level 4 of the Dungeon.
             The game lasted 00:13:06 (5998 turns).

DocSulfur the Ruffian (Yellow Draconian Transmuter) Turns: 5998, Time: 00:13:06

Health: 58/58      AC: 10    Str: 14    XL:     7   Next: 45%
Magic:  12/12      EV: 12    Int: 14    God:
Gold:   163        SH:  0    Dex: 11    Spells: 5/13 levels left

rFire    . . .     SeeInvis .   x - +1 rapier "Haheh" {distort, *Rage rElec rN+ Will+} (curse)
rCold    . . .     Faith    .   (no shield)
rNeg     + + .     Spirit   .   (armour unavailable)
rPois    +         Reflect  .   (helmet restricted)
rElec    +         Harm     .   t - +2 cloak {Will+}
rCorr    +         Rampage  .   o - +0 pair of gloves
Will     ++...     Rnd*Rage +   (no boots)
Stlth    +.........             (no amulet)
HPRegen  0.19/turn              g - ring of positive energy
MPRegen  0.13/turn              y - ring of poison resistance

@: no status effects
A: spit acid, unfitting armour, cold-blooded, acid resistance, AC +6
a: Breathe Acid


You were on level 4 of the Dungeon.
You visited 1 branch of the dungeon, and saw 4 of its levels.

You collected 163 gold pieces.

Inventory:

Hand Weapons
 h - a +0 arbalest
 x - the cursed +1 rapier "Haheh" (weapon) {distort, *Rage rElec rN+ Will+}
   (You found it on level 4 of the Dungeon)

   It warps and distorts space around it.
   Unwielding it can cause banishment or high damage.
   It insulates you from electricity.
   It protects you from negative energy.
   It affects your willpower, your defense against some magical effects.
   It may make you go berserk in combat.
   It has a curse placed upon it.
Missiles
 p - 20 arrows
 q - 140 stones
 u - 5 poisoned darts
 w - a throwing net (quivered)
Armour
 o - a +0 pair of gloves (worn)
 t - a +2 cloak of willpower (worn)
Jewellery
 b - an uncursed ring of flight
 g - a ring of positive energy (left hand)
 y - a ring of poison resistance (right hand)
Wands
 r - a wand of digging (3)
Scrolls
 c - 3 scrolls of remove curse
 e - 3 scrolls of magic mapping
 j - a scroll of enchant armour
 m - a scroll of amnesia
 n - a scroll of enchant weapon
Potions
 a - 3 potions of lignification
 d - a potion of heal wounds
 f - 2 potions of magic
 i - 2 potions of brilliance
 k - a potion of flight
 l - 3 potions of curing
 s - a potion of attraction
 v - a potion of cancellation {unknown}


   Skills:
 + Level 3.7 Fighting
 - Level 1.7 Dodging
 * Level 5.5 Unarmed Combat
 + Level 3.5 Spellcasting
 * Level 5.2 Transmutations


You had 5 spell levels left.
You knew the following spells:

 Your Spells              Type           Power        Failure   Level
a - Beastly Appendage     Tmut           34%          2%          1
b - Wereblood             Tmut           17%          3%          2
c - Blade Hands           Tmut           8%           54%         5

Your spell library contained the following spells:

 Spells                   Type           Power        Failure   Level
 Spider Form              Tmut/Pois      4%           22%         3
 Ice Form                 Ice/Tmut       9%           56%         4


Dungeon Overview and Level Annotations

Branches:
Dungeon (4/15)
 Temple: D:4-7

Altars:
Makhleb
Uskayaw
Xom


Innate Abilities, Weirdness & Mutations

You can spit globs of acid.
Your golden yellow scales are hard. (AC +6)
You cannot fit into any form of body armour.
You are cold-blooded and may be slowed by cold attacks.
You are resistant to acid. (rCorr)


Message History

You open the door.
There is an open door here.
There is a burning altar of Makhleb here.
There is an open door here.
Things that are here:
a +0 hand axe; a +0 leather armour; a +1 mace of protection
There is a stone staircase leading up here.
You see here an uncursed ring of teleportation.
Done exploring.
Done exploring.
Done exploring.
Done exploring.
Done exploring.
Done exploring.
Okay, then.
Unknown command.
Press: ? - help, Shift-Dir - straight line You spit a glob of acid.
You have got your breath back.
Are you sure you want to abandon this character and quit the game? (Confirm with "yes".)

..###..#......##<.##.#.....#.....
#.......=####.#..##.........###..
#######.........###.........# #..
##...).#................# ##.
##..........<....#....>..# #.
#........................# #.
#........................## ##
#................#######..# ##
#............@........###.###.
#................####.##......
#................####......###
###......................#...###
##.>..............>..####........
#..####.#.###.......#.....#...###
#[........##..##......#####...#
.................###### #####
...........###..##


There were no monsters in sight!

Vanquished Creatures
  Grinder (D:4)
  Sigmund (D:3)
  3 orc wizards
  Crazy Yiuf (D:3)
  Natasha (thrice) (D:4 D:3)
  A worker ant (D:4)
  4 adders
  An ooze (D:1)
  4 worms
  A dart slug (D:4)
  2 leopard geckos
  6 orcs
  A ball python (D:2)
  2 giant cockroaches (D:2)
  2 goblins (D:2)
  6 hobgoblins
  3 jackals (D:2)
  2 quokkas
  7 bats
  6 kobolds
  5 rats
62 creatures vanquished.

Vanquished Creatures (others)
  5 dream sheep (D:4)
5 creatures vanquished.

Grand Total: 67 creatures vanquished

Notes
Turn   | Place    | Note
-------+----------+-------------------------------------------
     0 | D:1      | DocSulfur the Draconian Transmuter began the quest for the
                  | Orb.
     0 | D:1      | Reached XP level 1. HP: 16/16 MP: 3/3
   475 | D:1      | Reached XP level 2. HP: 23/23 MP: 5/5
  1292 | D:2      | Reached XP level 3. HP: 14/28 MP: 4/6
  2386 | D:2      | Learned a level 2 spell: Wereblood
  2748 | D:3      | Reached XP level 4. HP: 33/36 MP: 5/7
  2755 | D:3      | Noticed Sigmund
  2769 | D:3      | Killed Sigmund
  2770 | D:3      | Reached XP level 5. HP: 42/42 MP: 6/9
  3078 | D:3      | Found a runed translucent door.
  3079 | D:3      | Noticed Crazy Yiuf
  3205 | D:3      | Reached XP level 6. HP: 50/50 MP: 7/10
  3568 | D:3      | Found a hide-covered altar of Uskayaw.
  3708 | D:3      | Killed Crazy Yiuf
  3988 | D:4      | Noticed Grinder
  3990 | D:4      | Noticed Natasha
  4129 | D:4      | Killed Natasha
  4307 | D:4      | Noticed Natasha
  4323 | D:4      | Killed Natasha
  4324 | D:4      | Reached skill level 5 in Unarmed Combat
  4458 | D:4      | Paralysed by Grinder for 3 turns
  4471 | D:4      | Noticed Natasha
  4493 | D:3      | Killed Natasha
  4973 | D:3      | Learned a level 5 spell: Blade Hands
  5044 | D:4      | Noticed a dream sheep
  5044 | D:4      | Noticed a dream sheep
  5044 | D:4      | Noticed a dream sheep
  5044 | D:4      | Noticed a dream sheep
  5044 | D:4      | Noticed a dream sheep
  5044 | D:4      | Found a shimmering altar of Xom.
  5047 | D:4      | Killed a dream sheep
  5049 | D:4      | Killed a dream sheep
  5049 | D:4      | Killed a dream sheep
  5049 | D:4      | Killed a dream sheep
  5050 | D:4      | Killed a dream sheep
  5179 | D:4      | Got a scorched rapier
  5180 | D:4      | Identified the cursed +1 rapier "Haheh" {distort, *Rage
                  | rElec rN+ Will+} (You found it on level 4 of the Dungeon)
  5639 | D:4      | Killed Grinder
  5640 | D:4      | Reached skill level 5 in Transmutations
  5640 | D:4      | Your scales start taking on a golden yellow colour.
  5640 | D:4      | Reached XP level 7. HP: 58/58 MP: 9/12
  5640 | D:4      | Gained mutation: You are resistant to acid. (rCorr) [Yellow
                  | Draconian growth]
  5850 | D:4      | Found a burning altar of Makhleb.
  5998 | D:4      | Quit the game

Illustrated notes

Levels and vault maps discovered:
D:1:      giann_forest_graveyard, layout_loops_ring
D:2:      minmay_general_purpose_star, layout_rooms, minmay_misc_feat_rows,
          kennysheep_generic_room_6
D:3:      layout_loops_ring, eat_drink_and_be_merry_uskayaw,
          uniq_crazy_yiuf_cottage, uniq_sigmund
D:4:      layout_rooms, lemuel_doored_altar, kb_xom_exploding_sheep,
          uniq_grinder, uniq_natasha

Skill      XL: |  1  2  3  4  5  6 |
---------------+-------------------+-----
Transmutations | 3 4 5 |  5.2
Fighting       | 2 3 |  3.7
Unarmed Combat | 4 5 |  5.5
Spellcasting   | 3 |  3.5
Dodging        | |  1.7

Action                   |  1- 3 |  4- 6 |  7- 9 || total
-------------------------+-------+-------+-------++-------
Melee: Unarmed           |   133 |   123 |       ||   256
       Tailslap          |    18 |    13 |     1 ||    32
       Kick              |     8 |    18 |       ||    26
       Punch             |     1 |       |       ||     1
       Headbutt          |     6 |    20 |       ||    26
       Rapier            |       |     4 |     6 ||    10
Throw: Dart              |       |     3 |       ||     3
       Throwing net      |       |     1 |       ||     1
 Cast: Beastly Appendage |    12 |    22 |       ||    34
       Wereblood         |       |     5 |       ||     5
 Abil: Breathe Acid      |       |       |     1 ||     1
  Use: Scroll            |     8 |     5 |       ||    13
       Potion            |       |     3 |       ||     3
Armor: Skin              |    50 |    40 |     3 ||    93
Dodge: Dodged            |   100 |    72 |     1 ||   173
